 Seeded DCSS version 0.30.1-11-g7821555f0a (webtiles) character file.

Game seed: 8617203140785432855 (custom seed)

4 Psyclone the Conjurer (level 1, 10/10 HPs)
             Began as a Deep Elf Conjurer on Nov 2, 2023.
             Quit the game on level 1 of the Dungeon.
             The game lasted 00:00:08 (39 turns).

Psyclone the Conjurer (Deep Elf Conjurer)             Turns: 39, Time: 00:00:08

Health: 10/10      AC:  2    Str:  4    XL:     1   Next: 50%
Magic:  6/6        EV: 12    Int: 22    God:
Gold:   0          SH:  0    Dex: 13    Spells: 5/6 levels left

rFire   x x .        (no weapon)
rCold   . . .        (no shield)
rNeg    . . .        a - +0 robe
rPois   .            (no helmet)
rElec   .            (no cloak)
rCorr   .            (no gloves)
SInv    .            (no boots)
Will    .....        (no amulet)
Stlth   ++           (no ring)
HPRegen 0.21/turn    (no ring)
MPRegen 0.10/turn

%: clarity
@: no status effects
A: clarity, wild magic 1, heat vulnerability 2
a: no special abilities


You were on level 1 of the Dungeon.
You visited 1 branch of the dungeon, and saw 1 of its levels.

Inventory:

Armour
 a - a +0 robe (worn)
Potions
 b - a potion of magic
 c - a potion of mutation


   Skills:
 - Level 2.4 Dodging
 - Level 2.4 Stealth
 - Level 3.0 Spellcasting
 + Level 4.6 Conjurations


You had 5 spell levels left.
You knew the following spells:

 Your Spells              Type           Power      Damage    Failure   Level
a - Magic Dart            Conj           100%       1d8       3%          1

Your spell library contained the following spells:

 Spells                   Type           Power      Damage    Failure   Level
 Searing Ray              Conj           60%        2d6       4%          2
 Dazzling Flash           Conj/Hex       34%        N/A       21%         3
 Fulminant Prism          Conj/Hex       8%         3d7       52%         4
 Iskenderun's Mystic Bla  Conj/Tloc      17%        2d5       52%         4


Dungeon Overview and Level Annotations

Branches:
Dungeon (1/15) Zot: 5961

Altars:


Innate Abilities, Weirdness & Mutations

You possess an exceptional clarity of mind.
Your spells are a little harder to cast, but a little more powerful.
You are very vulnerable to heat. (rF--)


Message History

Casting: Magic Dart (safe; 1% risk of failure)
Confirm with . or Enter, or press ? or * to list all spells.
Aiming: Magic Dart (safe; 1% risk of failure)
Press: ? - help, Shift-Dir - straight line, f - dart slug
Aim: a dart slug (asleep, 100% to hit)
The magic dart hits the dart slug.
The dart slug is moderately wounded.
You now have 5/6 mp.
Casting: Magic Dart (safe; 1% risk of failure)
Confirm with . or Enter, or press ? or * to list all spells.
Aiming: Magic Dart (safe; 1% risk of failure)
Press: ? - help, Shift-Dir - straight line, f/p - dart slug
Aim: a dart slug (moderately wounded, 100% to hit)
The magic dart hits the dart slug!
You kill the dart slug!
You now have 4/6 mp.
Found a kite shield.
Found 2 fuming blue potions.
Found a glowing grey potion.
Found a blue potion and a sling.
Found a pair of boots.
A hobgoblin comes into view.
You see here 2 fuming blue potions.
c - 2 fuming blue potions The hobgoblin shouts!
Casting: Magic Dart (safe; 1% risk of failure)
Confirm with . or Enter, or press ? or * to list all spells.
Aiming: Magic Dart (safe; 1% risk of failure)
Press: ? - help, Shift-Dir - straight line, f - hobgoblin
Aim: a hobgoblin (100% to hit)
The magic dart hits the hobgoblin.
You kill the hobgoblin!
You now have 4/6 mp.
MP restored: 6 It was a potion of mutation.
You feel extremely strange.
You feel vulnerable to heat. x2; You feel less in control of your magic.
Your thoughts seem clearer.
Unknown command.
Unknown command.
Are you sure you want to abandon this character and quit the game? (Confirm with "yes".)

.........!..##.........
............##.....)...
......##.....#.....!...
......##..............
.##............#....#
.##.......#.........#
.........#..........#
.........#.#.......##
###........#....@..#
###+##................
........##........
.........##........
!..[.............†..
............[.......
..... .........
..####+###


There were no monsters in sight!

Vanquished Creatures
  A dart slug (D:1)
  A hobgoblin (D:1)
2 creatures vanquished.

Notes
Turn   | Place    | Note
-------+----------+-------------------------------------------
     0 | D:1      | Psyclone the Deep Elf Conjurer began the quest for the Orb.
     0 | D:1      | Reached XP level 1. HP: 10/10 MP: 6/6
    38 | D:1      | Gained mutation: You are vulnerable to heat. (rF-) [potion
                  | of mutation]
    38 | D:1      | Gained mutation: You are very vulnerable to heat. (rF--)
                  | [potion of mutation]
    38 | D:1      | Gained mutation: Your spells are a little harder to cast,
                  | but a little more powerful. [potion of mutation]
    38 | D:1      | Gained mutation: You possess an exceptional clarity of
                  | mind. [potion of mutation]
    39 | D:1      | Quit the game

Illustrated notes

Levels and vault maps discovered:
D:1:      dpeg_arrival_stonehenge_12_columns, layout_basic, serial_shops, shop

Action                     || total
---------------------------++-------
   Cast: Magic Dart        ||     3
    Use: Potion            ||     1
